 Dungeon Crawl Stone Soup version bcrawl-1.21.2-28-g2cb1824106 (webtiles) character file.

Game seed: 9827293998828982642

46 Banto the Ducker (level 3, -13/29 HPs)
             Began as a Demigod Wanderer on Mar 4, 2020.
             Killed from afar by Sigmund (38 damage)
             ... with an exploding inner flame
             ... hexed by the player character
             ... on level 2 of the Dungeon.
             The game lasted 00:02:34 (2195 turns).

Banto the Ducker (Demigod Wanderer)                 Turns: 2195, Time: 00:02:35

Health: -13/29     AC:  2    Str: 15    XL:     3   Next: 46%
Magic:  6/6        EV: 13    Int: 19    God:    Demigod [*.....]
Gold:   140        SH:  0    Dex: 16    Spells: 4/4 levels left

rFire    . . .     SeeInvis .   a - +0 falchion
rCold    . . .     Gourm    .   (no shield)
rNeg     . . .     Faith    .   f - +0 robe
rPois    .         Spirit   .   (no helmet)
rElec    .         Reflect  .   (no cloak)
rCorr    .         Harm     .   (no gloves)
MR       .....                  (no boots)
Stlth    ++........             (no amulet)
HPRegen  0.09/turn              (no ring)
MPRegen  0.10/turn              (no ring)

@: no status effects
A: high mp 1
a: Temporal Distortion


You were on level 2 of the Dungeon.
You worshipped Demigod.
Demigod was aware of your devotion.
You were not hungry.

You visited 1 branch of the dungeon, and saw 2 of its levels.

You collected 140 gold pieces.

Inventory:

Hand Weapons
 a - a +0 falchion (weapon)
Armour
 f - a +0 robe (worn)
Wands
 d - a wand of random effects (11)
Scrolls
 g - a scroll of blinking {unknown}
 h - 2 scrolls of identify {unknown}
 i - a scroll of noise {unknown}
 k - a scroll of enchant armour {unknown}
 n - a scroll of amnesia {unknown}
Potions
 b - 2 potions of heal wounds
 c - a potion of might
 j - a potion of mutation {unknown}
 l - a potion of cancellation {unknown}
 m - a potion of curing {unknown}
 p - a potion of brilliance {unknown}
Comestibles
 e - 3 rations {!d}


   Skills:
 + Level 1.6 Fighting
 + Level 1.1 Long Blades
 - Level 1.0 Throwing
 + Level 2.3 Dodging
 - Level 1.0 Stealth
 - Level 1.0 Unarmed Combat
 - Level 1.0 Spellcasting
   Level 1.0 Translocations
   Level 1.0 Fire Magic
 + Level 2.0 Invocations
 - Level 1.0 Evocations


You had 4 spell levels left.
You didn't know any spells.
Your spell library was empty.

Dungeon Overview and Level Annotations

Branches:
Dungeon (2/12)


Innate Abilities, Weirdness & Mutations

You have an increased reservoir of magic. (+10% MP)


Message History

Things that are here:
a +0 club; a goblin corpse You see here 3 stones.
You bump into the rock wall.
Something hits you.
You bump into the rock wall.
Things that are here:
a +0 club; a goblin corpse You feel less confused.
You hear some strange, mumbled words.
A puff of flame appears from out of thin air!
The puff of flame misses you.
You see here 3 stones.
Evoke which item? (* to show all) (? for menu, Esc to quit)
Aiming: Random Effects
Press: ? - help, Shift-Dir - straight line, f - you The fireball explodes!
The fireball engulfs something.
The fiery explosion engulfs you!!!
Ouch! That really hurt!
You die...
Your divinity fades.

#............#
#.........####
#.........#
#.......>.+
#......#### ########
#......#### #......#
######....# #.####.#
#.##.######.#.<#.#
#.#...ยงยง@)..#....#
#.#..#############
#.#..# #.#..# #.#..#
#.#..# #..# #..#
####


There were no monsters in sight!

Vanquished Creatures
  An ooze (D:1)
  A worm (D:2)
  A dart slug (D:1)
  2 leopard geckos (D:1)
  2 giant cockroaches (D:1)
  3 goblins
  5 hobgoblins (D:1)
  4 jackals (D:1)
  3 bats
  2 frilled lizards (D:1)
  5 kobolds
  4 rats
33 creatures vanquished.

Notes
Turn   | Place    | Note
-------+----------+-------------------------------------------
     0 | D:1      | Banto the Demigod Wanderer began the quest for the Orb.
     0 | D:1      | Banto set off with the following items: a +0 falchion, a
                  | potion of heal wounds, a potion of might, a wand of random
                  | effects (15), a ration {!d}, a +0 robe
     0 | D:1      | Reached XP level 1. HP: 16/16 MP: 4/4
   244 | D:1      | Reached skill level 1 in Invocations
   254 | D:1      | Reached XP level 2. HP: 9/23 MP: 5/5
   801 | D:1      | Reached skill level 1 in Long Blades
  1056 | D:1      | Reached XP level 3. HP: 28/28 MP: 6/6
  1142 | D:1      | Reached * piety under Demigod
  2137 | D:2      | Noticed Sigmund
  2195 | D:2      | Killed Sigmund
  2195 | D:2      | Killed from afar by Sigmund

Skill      XL: |  1  2  3 |
---------------+----------+-----
Dodging        | 2 |  2.3
Invocations    | 1 2 |  2.0
Long Blades    | 1 |  1.1
Fighting       | |  1.6
Throwing       | |  1.0
Stealth        | |  1.0
Unarmed Combat | |  1.0
Spellcasting   | |  1.0
Translocations | |  1.0
Fire Magic     | |  1.0
Evocations     | |  1.0

Action                   || total
-------------------------++-------
Melee: Falchion          ||   130
       Punch             ||     1
Evoke: Wand              ||     4
 Stab: Sleeping          ||     3
  Eat: Chunk             ||     4
Armor: Robe              ||    39
Dodge: Dodged            ||   125
